[ AOE2 MATCH · #495259114 ]
UnrankedIncas vs Wei
Player's team · WIN
Rival team · LOSS
[ REPLAY ANALYSIS · EXTRACTED FROM THE RECORDED GAME ]
Feudal
9:19
Castle
20:10
Imperial
39:34
| APM avg | 40.4 |
| APM peak | 75 |
| eAPM avg | 21.4 |
| Villagers / military | 125 / 118 |
Focus
⚔️ 33.6% · 🌾 66.4%
Unknown (2550) ×101 · Kamayuk ×95 · Scorpion ×9 · Trebuchet (Packed) ×5 · Monk ×4 · Spearman ×3
Feudal
8:38
Castle
20:51
Imperial
37:13
| APM avg | 54.9 |
| APM peak | 107 |
| eAPM avg | 24.9 |
| Villagers / military | 118 / 71 |
Focus
⚔️ 34.6% · 🌾 65.4%
Unknown (1952) ×82 · Scout Cavalry ×67 · Unknown (1944) ×20 · Unknown (1942) ×10 · Skirmisher ×4
Match map
Initial resources + every placement click. Lines = walls · curves = elevation contours. ◆ gold · ⬟ stone · ● berries · ✦ relic · ◌ wall gap
Your base· Open — 4t gap
Ode's base· ✓ Closed at 20:51 · 71t walls · 1 gate(s)
Smoothed initial terrain · ◌ = detected wall gap · hover for details
Inputs per minute
— LM | Gelga - - Ode
Build order — LM | Gelga
First 150 of 403 actions detected
| 0:01 | Create | Villager (Male) |
| 0:01 | Create | Villager (Male) |
| 0:01 | Create | Villager (Male) |
| 0:02 | Create | Villager (Male) |
| 0:03 | Build | House |
| 0:05 | Build | House |
| 1:19 | Create | Villager (Male) |
| 1:49 | Build | Settlement |
| 1:54 | Create | Villager (Male) |
| 2:34 | Create | Villager (Male) |
| 2:42 | Create | Villager (Male) |
| 3:17 | Create | Villager (Male) |
| 3:35 | Create | Villager (Male) |
| 4:05 | Create | Villager (Male) |
| 4:18 | Create | Villager (Male) |
| 4:18 | Create | Villager (Male) |
| 5:14 | Build | Settlement |
| 5:21 | Create | Villager (Male) |
| 5:31 | Create | Villager (Male) |
| 5:55 | Create | Villager (Male) |
| 6:01 | Research | Loom |
| 6:53 | Build | Settlement |
| 7:09 | Research | Feudal Age |
| 7:55 | Build | House |
| 8:01 | Build | House |
| 8:30 | Build | Barracks |
| 9:19 | Age | Feudal Age |
| 9:23 | Create | Villager (Male) |
| 9:25 | Create | Spearman |
| 9:30 | Build | House |
| 9:32 | Build | Palisade Wall |
| 9:34 | Build | Palisade Wall |
| 9:34 | Build | Palisade Wall |
| 9:41 | Build | Palisade Wall |
| 9:44 | Create | Spearman |
| 9:44 | Create | Unit 2550 |
| 9:45 | Create | Villager (Male) |
| 9:59 | Build | Palisade Wall |
| 10:03 | Create | Villager (Male) |
| 10:13 | Create | Spearman |
| 10:24 | Research | Double-Bit Axe |
| 10:26 | Create | Villager (Male) |
| 10:40 | Create | Villager (Male) |
| 10:47 | Build | Settlement |
| 11:17 | Create | Villager (Male) |
| 11:26 | Research | Horse Collar |
| 11:45 | Build | Farm |
| 11:47 | Build | Farm |
| 11:55 | Create | Villager (Male) |
| 12:08 | Create | Villager (Male) |
| 12:11 | Build | Farm |
| 12:14 | Build | Farm |
| 12:36 | Build | Farm |
| 12:38 | Create | Villager (Male) |
| 12:53 | Create | Villager (Male) |
| 13:01 | Create | Villager (Male) |
| 13:04 | Build | Farm |
| 13:07 | Build | Farm |
| 13:19 | Create | Villager (Male) |
| 13:24 | Build | Farm |
| 13:37 | Build | Farm |
| 13:43 | Research | Wheelbarrow |
| 13:43 | Research | Wheelbarrow |
| 14:04 | Build | Farm |
| 14:11 | Build | Farm |
| 14:18 | Build | Farm |
| 14:55 | Create | Villager (Male) |
| 15:17 | Create | Villager (Male) |
| 15:33 | Create | Villager (Male) |
| 15:45 | Build | Market |
| 16:00 | Build | House |
| 16:29 | Build | Blacksmith |
| 16:37 | Build | Palisade Wall |
| 16:57 | Build | House |
| 17:00 | Build | Palisade Gate |
| 17:02 | Build | Palisade Wall |
| 17:04 | Create | Villager (Male) |
| 17:21 | Research | Tech 1402 |
| 17:30 | Research | Castle Age |
| 17:38 | Build | Barracks |
| 17:44 | Research | Gold Mining |
| 17:44 | Research | Gold Mining |
| 17:59 | Research | Scale Mail Armor |
| 18:07 | Create | Unit 2550 |
| 18:14 | Build | Barracks |
| 18:17 | Create | Unit 2550 |
| 18:43 | Build | Barracks |
| 18:48 | Create | Unit 2550 |
| 18:48 | Create | Unit 2550 |
| 18:52 | Build | Farm |
| 18:56 | Create | Unit 2550 |
| 18:56 | Create | Unit 2550 |
| 19:18 | Create | Unit 2550 |
| 19:19 | Create | Unit 2550 |
| 19:19 | Create | Unit 2550 |
| 19:37 | Build | Farm |
| 19:38 | Build | Farm |
| 19:41 | Build | Farm |
| 19:48 | Create | Unit 2550 |
| 19:48 | Create | Unit 2550 |
| 20:10 | Age | Castle Age |
| 20:11 | Research | Tech 1351 |
| 20:17 | Research | Squires |
| 20:20 | Create | Villager (Male) |
| 20:30 | Build | Monastery |
| 20:48 | Create | Villager (Male) |
| 20:48 | Create | Villager (Male) |
| 21:07 | Create | Monk |
| 21:14 | Create | Villager (Male) |
| 21:15 | Create | Villager (Male) |
| 21:26 | Build | Town Center |
| 21:31 | Create | Villager (Male) |
| 21:34 | Create | Unit 2550 |
| 21:34 | Create | Unit 2550 |
| 21:34 | Create | Unit 2550 |
| 21:53 | Create | Villager (Male) |
| 22:02 | Build | Palisade Wall |
| 22:12 | Create | Unit 2550 |
| 22:12 | Create | Unit 2550 |
| 22:13 | Create | Unit 2550 |
| 22:13 | Create | Unit 2550 |
| 22:13 | Create | Unit 2550 |
| 22:32 | Create | Villager (Male) |
| 22:46 | Build | Siege Workshop |
| 22:51 | Create | Unit 2550 |
| 22:51 | Create | Unit 2550 |
| 22:52 | Create | Unit 2550 |
| 22:54 | Create | Villager (Male) |
| 23:04 | Create | Villager (Male) |
| 23:09 | Build | House |
| 23:11 | Build | House |
| 23:14 | Build | Palisade Wall |
| 23:15 | Build | Palisade Wall |
| 23:21 | Create | Villager (Male) |
| 23:21 | Create | Villager (Male) |
| 23:25 | Create | Unit 2550 |
| 23:30 | Build | Farm |
| 23:31 | Build | Farm |
| 23:33 | Build | Farm |
| 23:35 | Build | Farm |
| 23:37 | Build | Farm |
| 23:56 | Create | Monk |
| 24:02 | Create | Villager (Male) |
| 24:02 | Create | Villager (Male) |
| 24:02 | Create | Villager (Male) |
| 24:09 | Build | Farm |
| 24:12 | Build | Farm |
| 24:27 | Create | Villager (Male) |
| 24:27 | Create | Villager (Male) |
| 24:27 | Create | Villager (Male) |
Build order — Ode
First 150 of 477 actions detected
| 0:00 | Create | Villager (Male) |
| 0:00 | Create | Villager (Male) |
| 0:01 | Create | Villager (Male) |
| 0:01 | Create | Villager (Male) |
| 0:02 | Build | House |
| 0:04 | Build | House |
| 0:56 | Build | Mill |
| 1:32 | Create | Villager (Male) |
| 1:58 | Create | Villager (Male) |
| 2:24 | Create | Villager (Male) |
| 2:57 | Create | Villager (Male) |
| 3:06 | Create | Villager (Male) |
| 3:14 | Create | Villager (Male) |
| 3:42 | Create | Villager (Male) |
| 4:06 | Create | Villager (Male) |
| 4:14 | Create | Villager (Male) |
| 4:19 | Build | House |
| 4:30 | Create | Villager (Male) |
| 4:35 | Build | House |
| 5:03 | Create | Villager (Male) |
| 5:06 | Create | Villager (Male) |
| 5:41 | Build | Lumber Camp |
| 6:28 | Research | Feudal Age |
| 7:34 | Build | House |
| 8:10 | Build | Barracks |
| 8:14 | Build | Palisade Wall |
| 8:18 | Build | Palisade Wall |
| 8:38 | Age | Feudal Age |
| 8:42 | Create | Villager (Male) |
| 9:00 | Build | Stable |
| 9:01 | Build | Palisade Wall |
| 9:07 | Create | Villager (Male) |
| 9:23 | Build | Palisade Wall |
| 9:24 | Build | Palisade Wall |
| 9:29 | Research | Double-Bit Axe |
| 9:31 | Create | Villager (Male) |
| 10:00 | Build | Palisade Wall |
| 10:00 | Build | Palisade Wall |
| 10:07 | Build | Palisade Wall |
| 10:11 | Create | Villager (Male) |
| 10:14 | Build | House |
| 10:19 | Create | Scout Cavalry |
| 10:21 | Research | Horse Collar |
| 10:21 | Create | Villager (Male) |
| 10:27 | Build | Mill |
| 10:35 | Create | Scout Cavalry |
| 10:38 | Create | Villager (Male) |
| 10:42 | Build | House |
| 11:01 | Build | House |
| 11:03 | Build | Palisade Wall |
| 11:04 | Build | Palisade Wall |
| 11:14 | Create | Scout Cavalry |
| 11:17 | Build | Palisade Wall |
| 11:18 | Build | Palisade Wall |
| 11:21 | Build | Palisade Wall |
| 11:30 | Build | Palisade Gate |
| 11:35 | Build | Farm |
| 11:39 | Research | Loom |
| 11:52 | Create | Scout Cavalry |
| 11:53 | Create | Villager (Male) |
| 11:55 | Build | Farm |
| 11:56 | Create | Villager (Male) |
| 12:03 | Build | Palisade Wall |
| 12:11 | Build | Palisade Wall |
| 12:12 | Build | Palisade Wall |
| 12:13 | Build | Palisade Wall |
| 12:14 | Build | Palisade Wall |
| 12:14 | Build | Palisade Wall |
| 12:27 | Build | Palisade Wall |
| 12:31 | Build | Farm |
| 12:33 | Create | Villager (Male) |
| 12:55 | Create | Scout Cavalry |
| 12:59 | Create | Villager (Male) |
| 13:05 | Create | Villager (Male) |
| 13:12 | Create | Villager (Male) |
| 13:17 | Build | Archery Range |
| 13:23 | Build | Farm |
| 13:25 | Create | Villager (Male) |
| 13:34 | Create | Villager (Male) |
| 13:36 | Build | Mining Camp |
| 13:45 | Build | Farm |
| 13:52 | Build | House |
| 13:55 | Build | Palisade Wall |
| 14:04 | Build | House |
| 14:09 | Research | Wheelbarrow |
| 14:16 | Create | Skirmisher |
| 14:30 | Build | House |
| 14:31 | Build | Palisade Wall |
| 14:42 | Create | Skirmisher |
| 14:50 | Build | Farm |
| 15:01 | Create | Villager (Male) |
| 15:12 | Build | Farm |
| 15:14 | Create | Skirmisher |
| 15:33 | Create | Villager (Male) |
| 15:37 | Build | Farm |
| 15:43 | Build | Farm |
| 15:59 | Build | Farm |
| 16:01 | Create | Villager (Male) |
| 16:16 | Build | House |
| 16:17 | Build | House |
| 16:25 | Create | Skirmisher |
| 16:40 | Build | Lumber Camp |
| 16:49 | Create | Villager (Male) |
| 16:49 | Create | Villager (Male) |
| 17:02 | Build | Farm |
| 17:06 | Create | Villager (Male) |
| 17:11 | Build | Farm |
| 17:47 | Build | Farm |
| 17:51 | Build | Farm |
| 18:11 | Research | Castle Age |
| 18:29 | Build | Archery Range |
| 18:34 | Create | Villager (Male) |
| 18:53 | Create | Villager (Male) |
| 18:56 | Build | Blacksmith |
| 18:59 | Build | Blacksmith |
| 19:00 | Build | Palisade Wall |
| 19:02 | Build | Palisade Wall |
| 19:34 | Build | House |
| 19:36 | Build | Palisade Wall |
| 19:44 | Research | Fletching |
| 19:45 | Research | Padded Archer Armor |
| 19:47 | Research | Bloodlines |
| 20:06 | Research | Gold Mining |
| 20:51 | Age | Castle Age |
| 20:54 | Create | Unit 1952 |
| 20:54 | Create | Unit 1952 |
| 20:55 | Create | Unit 1952 |
| 20:55 | Research | Bodkin Arrow |
| 20:57 | Create | Villager (Male) |
| 21:01 | Build | Town Center |
| 21:07 | Build | Town Center |
| 21:13 | Create | Unit 1952 |
| 21:15 | Create | Villager (Male) |
| 21:31 | Create | Unit 1952 |
| 21:31 | Create | Unit 1952 |
| 21:35 | Create | Villager (Male) |
| 21:46 | Create | Unit 1952 |
| 22:09 | Create | Unit 1952 |
| 22:09 | Create | Unit 1952 |
| 22:12 | Create | Villager (Male) |
| 22:16 | Build | House |
| 22:18 | Build | House |
| 22:21 | Build | Palisade Wall |
| 22:22 | Build | Palisade Wall |
| 22:22 | Build | Palisade Wall |
| 22:28 | Create | Unit 1952 |
| 22:28 | Create | Unit 1952 |
| 22:29 | Create | Villager (Male) |
| 22:35 | Create | Villager (Male) |
| 22:38 | Build | Palisade Gate |
Match timeline
| 8:10 | Ode · first_building Barracks |
| 8:14 | Ode · wall_segment Palisade Wall x1 |
| 8:18 | Ode · wall_segment Palisade Wall x5 |
| 8:30 | LM | Gelga · first_building Barracks |
| 8:38 | Ode · age_up feudal |
| 9:00 | Ode · first_building Stable |
| 9:01 | Ode · wall_segment Palisade Wall x5 |
| 9:19 | LM | Gelga · age_up feudal |
| 9:23 | Ode · wall_segment Palisade Wall x2 |
| 9:24 | Ode · wall_segment Palisade Wall x1 |
| 9:32 | LM | Gelga · wall_segment Palisade Wall x5 |
| 9:34 | LM | Gelga · wall_segment Palisade Wall x1 |
| 9:34 | LM | Gelga · wall_segment Palisade Wall x1 |
| 9:41 | LM | Gelga · wall_segment Palisade Wall x14 |
| 9:59 | LM | Gelga · wall_segment Palisade Wall x2 |
| 10:00 | Ode · wall_segment Palisade Wall x1 |
| 10:00 | Ode · wall_segment Palisade Wall x1 |
| 10:07 | Ode · wall_segment Palisade Wall x2 |
| 11:03 | Ode · wall_segment Palisade Wall x6 |
| 11:04 | Ode · wall_segment Palisade Wall x2 |
| 11:17 | Ode · wall_segment Palisade Wall x1 |
| 11:18 | Ode · wall_segment Palisade Wall x1 |
| 11:21 | Ode · wall_segment Palisade Wall x1 |
| 12:03 | Ode · wall_segment Palisade Wall x1 |
| 12:11 | Ode · wall_segment Palisade Wall x2 |
| 12:12 | Ode · wall_segment Palisade Wall x1 |
| 12:13 | Ode · wall_segment Palisade Wall x1 |
| 12:14 | Ode · wall_segment Palisade Wall x1 |
| 12:14 | Ode · wall_segment Palisade Wall x1 |
| 12:27 | Ode · wall_segment Palisade Wall x8 |
| 13:17 | Ode · first_building Archery Range |
| 13:55 | Ode · wall_segment Palisade Wall x10 |
| 14:31 | Ode · wall_segment Palisade Wall x6 |
| 16:37 | LM | Gelga · wall_segment Palisade Wall x9 |
| 17:02 | LM | Gelga · wall_segment Palisade Wall x4 |
| 19:00 | Ode · wall_segment Palisade Wall x1 |
| 19:02 | Ode · wall_segment Palisade Wall x1 |
| 19:36 | Ode · wall_segment Palisade Wall x11 |
| 20:10 | LM | Gelga · age_up castle |
| 20:30 | LM | Gelga · first_building Monastery |
| 20:51 | Ode · age_up castle |
| 22:02 | LM | Gelga · wall_segment Palisade Wall x14 |
| 22:21 | Ode · wall_segment Palisade Wall x1 |
| 22:22 | Ode · wall_segment Palisade Wall x1 |
| 22:22 | Ode · wall_segment Palisade Wall x1 |
| 22:46 | LM | Gelga · first_building Siege Workshop |
| 23:14 | LM | Gelga · wall_segment Palisade Wall x1 |
| 23:15 | LM | Gelga · wall_segment Palisade Wall x1 |
| 26:26 | Ode · first_market_buy 100 food |
| 28:13 | Ode · first_market_sell 100 wood |
| 30:08 | LM | Gelga · first_building Castle |
| 32:02 | Ode · wall_segment Stone Wall x1 |
| 32:04 | Ode · wall_segment Stone Wall x1 |
| 32:06 | Ode · wall_segment Stone Wall x1 |
| 32:34 | Ode · wall_segment Palisade Wall x1 |
| 32:34 | Ode · wall_segment Palisade Wall x2 |
| 32:35 | Ode · wall_segment Palisade Wall x1 |
| 33:06 | Ode · wall_segment Stone Wall x9 |
| 33:12 | Ode · wall_segment Stone Wall x1 |
| 33:14 | Ode · wall_segment Stone Wall x10 |
| 33:30 | Ode · first_building Monastery |
| 35:18 | LM | Gelga · first_market_sell 100 wood |
| 35:31 | Ode · first_building Siege Workshop |
| 36:04 | Ode · wall_segment Stone Wall x11 |
| 36:15 | LM | Gelga · first_market_buy 100 food |
| 37:13 | Ode · age_up imperial |
| 37:38 | Ode · first_building Castle |
| 38:43 | Ode · wall_segment Palisade Wall x1 |
| 38:44 | Ode · wall_segment Palisade Wall x1 |
| 38:44 | Ode · wall_segment Palisade Wall x1 |
| 39:34 | LM | Gelga · age_up imperial |
| 39:37 | Ode · wall_segment Stone Wall x9 |
| 44:38 | Ode · resign |
[ AI ANALYSIS · 1 CREDIT ]
What really happened in this match?
Wolo.gg analyzes every decision: build order, eco, micro, common mistakes by bracket. Personalized analysis on WhatsApp or Discord in 30 seconds.
Civ guide
Incas
Perfil
LM | Gelga